 Dungeon Crawl Stone Soup version 0.23.1 (webtiles) character file.

Game seed: 4877544493771107810

110 nuthulu the Ruffian (level 4, -1/41 HPs)
             Began as a Ghoul Monk on Mar 1, 2019.
             Slain by a hobgoblin
             ... wielding a +0 club
              (4 damage)
             ... on level 2 of the Dungeon.
             The game lasted 00:02:47 (1237 turns).

nuthulu the Ruffian (Ghoul Monk)                    Turns: 1237, Time: 00:02:48

Health: -1/41      AC:  5    Str: 15    XL:     4   Next: 91%
Magic:  3/3        EV: 12    Int:  5    God:
Gold:   124        SH:  0    Dex: 11    Spells: 3/3 levels left

rFire    . . .     SeeInvis .     - Unarmed
rCold    + . .     Gourm    .   (no shield)
rNeg     + + +     Faith    .   d - +0 ring mail
rPois    ∞         Spirit   .   (no helmet)
rElec    .         Reflect  .   (no cloak)
rCorr    .         Harm     .   (no gloves)
MR       .....                  (no boots)
Stlth    +.........             (no amulet)
HPRegen  0.00/turn              (no ring)
MPRegen  0.08/turn              (no ring)

@: rotting
A: rotting body, claws 1, carnivore, cold resistance 1, negative energy
resistance 3, inhibited regeneration, torment resistance, unbreathing
a: no special abilities


You were on level 2 of the Dungeon.
You were not hungry.

You visited 1 branch of the dungeon, and saw 2 of its levels.

You collected 124 gold pieces.

Inventory:

Armour
 a - a +0 robe
 d - a +0 ring mail (worn)
 h - a +0 pair of gloves
Scrolls
 g - a scroll of teleportation
Potions
 e - 2 potions of lignification
 f - 4 potions of curing {unknown}
 i - a potion of mutation {unknown}
Comestibles
 b - 6 rations
 c - 2 chunks of flesh


   Skills:
 + Level 4.3 Fighting
 + Level 3.5 Dodging
 - Level 2.1 Stealth
 + Level 4.4 Unarmed Combat


You had 3 spell levels left.
You didn't know any spells.
Your spell library was empty.

Dungeon Overview and Level Annotations

Branches:
Dungeon (2/15)

Altars:


Innate Abilities, Weirdness & Mutations

Your body is rotting away.
You thrive on raw meat.
You are immune to poison.
You have sharp fingernails.
You are carnivorous and can eat meat at any time.
Your flesh is cold resistant. (rC+)
You are immune to negative energy. (rN+++)
You do not regenerate when monsters are visible.
You are immune to unholy pain and torment.
You can survive without breathing.


Message History

The hobgoblin hits you with a +0 club!
* * * LOW HITPOINT WARNING * * *
Unknown command.
You barely miss Robin.
Robin is almost dead.
Robin barely misses you. The kobold barely misses you.
The goblin closely misses you.
Unknown command.
You claw Robin!
You kill Robin!
The hobgoblin hits you but does no damage.
The kobold hits you.
* * * LOW HITPOINT WARNING * * *
The goblin hits you.
* * * LOW HITPOINT WARNING * * *
Unknown command.
You claw the goblin!
You kill the goblin!
The hobgoblin hits you with a +0 club.
You die...

......##.#......# #.##........(..
......(.........# .##.........(.
.....###.#......##..##...........
.....# #.....................(...
###### #........##.###......#..##
#..###.###..#...^..###....
#..###.##..#...#... #....
#..#......#...#.... .#.##
#..#.#.#.@g†.##...# #.....
#.......K)))#.... ## ..
..........##..# # #. ............
.# #..........## .. #...........
.# .........## # .##...... #.....


You could see a hobgoblin and a kobold.

Vanquished Creatures
  Jessica (D:2)
  Robin (D:2)
  An adder (D:2)
  An ooze (D:1)
  3 dart slugs
  5 bats (D:1)
  2 giant cockroaches
  16 goblins
  8 hobgoblins
  6 frilled lizards
  5 kobolds (D:1)
  5 rats (D:1)
54 creatures vanquished.

Notes
Turn   | Place    | Note
-------+----------+-------------------------------------------
     0 | D:1      | nuthulu the Ghoul Monk began the quest for the Orb.
     0 | D:1      | Reached XP level 1. HP: 19/19 MP: 0/0
   106 | D:1      | Reached XP level 2. HP: 22/26 MP: 1/1
   289 | D:1      | Reached XP level 3. HP: 32/33 MP: 2/2
   871 | D:2      | Noticed Jessica
   877 | D:2      | Killed Jessica
   877 | D:2      | Reached XP level 4. HP: 40/40 MP: 3/3
  1220 | D:2      | Noticed Robin
  1236 | D:2      | Killed Robin
  1237 | D:2      | Slain by a hobgoblin

Skill      XL: |  1  2  3 |
---------------+----------+-----
Dodging        | 3 |  3.5
Fighting       | 4 |  4.3
Unarmed Combat | 4 |  4.4
Stealth        | |  2.1

Action                   |  1- 3 |  4- 6 || total
-------------------------+-------+-------++-------
Melee: Unarmed           |    83 |    47 ||   130
       Punch             |     1 |     1 ||     2
  Use: Scroll            |     3 |       ||     3
 Stab: Sleeping          |     3 |       ||     3
  Eat: Chunk             |    18 |     1 ||    19
Armor: Ring mail         |    34 |    16 ||    50
       Robe              |     1 |       ||     1
Dodge: Dodged            |    61 |    58 ||   119
